 Dungeon Crawl Stone Soup version 0.30.1-11-g7821555f0a (webtiles) character file.

Game seed: 2740544742938703139

868 JimboPoppins the Cleaver (level 7, -1/58 HPs)
             Began as a Minotaur Berserker on Dec 14, 2023.
             Was a Priest of Trog.
             Killed from afar by a white imp (4 damage)
             ... with a puff of frost
             ... on level 5 of the Dungeon.
             The game lasted 00:12:06 (4239 turns).

JimboPoppins the Cleaver (Minotaur Berserker)       Turns: 4239, Time: 00:12:06

Health: -1/58      AC:  8    Str: 24    XL:     7   Next: 73%
Magic:  6/6        EV: 11    Int:  4    God:    Trog [***...]
Gold:   206        SH:  0    Dex: 15    Spells: 6/6 levels left

rFire   + . .        A - +0 war axe
rCold   . . .        (no shield)
rNeg    . . .        y - +0 scale mail
rPois   .            (helmet restricted)
rElec   .            r - +0 cloak
rCorr   .            (no gloves)
SInv    .            o - +0 pair of boots
Will    ++...        (no amulet) Stlth
                     q - ring of protection from fire
HPRegen 1.29/turn    D - +6 ring of dexterity
MPRegen 0.10/turn

%: no passive effects
@: lethally poisoned (-1 -> -1), strong-willed, on berserk cooldown,
regenerating, slowed, very slow
A: horns 2, retaliatory headbutt
a: Renounce Religion, Berserk, Trog's Hand


You were on level 5 of the Dungeon.
You worshipped Trog.
Trog was most pleased with you.
You visited 1 branch of the dungeon, and saw 5 of its levels.

You collected 206 gold pieces.

Inventory:

Hand Weapons
 a - a +0 hand axe
 A - a +0 war axe (weapon)
Missiles
 n - 3 poisoned darts (quivered)
Armour
 b - a +0 animal skin
 j - a +0 tower shield
 o - a +0 pair of boots (worn)
 r - a +0 cloak (worn)
 y - a +0 scale mail (worn)
Jewellery
 k - a ring of ice
 q - a ring of protection from fire (left hand)
 C - a ring of protection from cold
 D - a +6 ring of dexterity (right hand)
Wands
 w - a wand of acid (10)
Scrolls
 c - 2 scrolls of immolation {unknown}
 d - 3 scrolls of identify
 g - 2 scrolls of vulnerability {unknown}
 i - a scroll of fear {unknown}
 l - a scroll of noise {unknown}
 m - 2 scrolls of enchant weapon {unknown}
 t - a scroll of teleportation {unknown}
 v - a scroll of poison {unknown}
 x - 2 scrolls of fog {unknown}
 B - a scroll of brand weapon {unknown}
 E - 3 scrolls of enchant armour {unknown}
Potions
 e - a potion of haste {unknown}
 f - a potion of mutation {unknown}
 h - a potion of ambrosia {unknown}
 p - 2 potions of berserk rage
 s - a potion of degeneration {unknown}
 u - a potion of curing {unknown}
 z - 2 potions of lignification {unknown}


   Skills:
 - Level 3.8 Fighting
 * Level 10.9 Axes
 - Level 2.7 Armour
 - Level 2.2 Dodging


You had 6 spell levels left.
You didn't know any spells.
Your spell library was empty.

Dungeon Overview and Level Annotations

Branches:
Dungeon (5/15)
 Temple: D:4-7

Altars:
Fedhas
Ru
Yredelemnul


Innate Abilities, Weirdness & Mutations

You have a pair of horns on your head.
You reflexively headbutt those who attack you in melee.


Message History

You slash the scorpion!
You feel sick. The scorpion stings you.
* * * LOW HITPOINT WARNING * * *
The scorpion closely misses you. x2; The scorpion barely misses you.
You closely miss the scorpion.
The scorpion is severely wounded.
You hit the scorpion.
You feel sick.
You are no longer poisoned.
The scorpion barely misses you. x2; The scorpion stings you.
* * * LOW HITPOINT WARNING * * *
You closely miss the scorpion.
You headbutt the scorpion, but do no damage.
The scorpion is severely wounded.
You slash the scorpion!
You kill the scorpion!
Trog accepts your kill. The scorpion stings you.
* * * LOW HITPOINT WARNING * * *
You are poisoned.
The scorpion poisons you! The scorpion stings you.
* * * LOW HITPOINT WARNING * * *
You are more poisoned.
The scorpion poisons you!
You slash the scorpion!
You kill the scorpion!
Trog accepts your kill.
* * * LOW HITPOINT WARNING * * *
You feel very sick.
You feel very sick.
You see here a scorpion corpse.
Unknown command.
You start resting.
You feel sick. x2
A white imp comes into view.
As you read the scroll labelled FOCWOC KUIN, it crumbles to dust.
It is a scroll of identify.
p - 2 potions of berserk rage You feel sick.
The white imp shouts, "Slither away, thou twisted tickle-brained puttock!"
The white imp gestures at you. The puff of frost hits you.
You die...

..#.###. .. ..#
#.....###. ..# ..
#......#.###.#. .
...#.....#.....##...
.
#....".#......#...#.
##.....#.....#.#.#.#
#.###†#......#.#.#.#
.)#.††###.)...#.#.#.#
. #.@..#.###.#...#...
#.....#...##[..#.>.
#.#....#....#...#...
..###...#.....#.#.#.#
...
#.###5#....#.#.#.#
#.. ..#
..###...#.#.#.# #.#.
..#... #.###.#...#.
..# #.. ..# ##... .
.# ... #...#.


You could see a white imp.

Vanquished Creatures
  A black bear (D:4)
  An ogre (D:4)
  Blork the orc (D:4)
  2 scorpions (D:5)
  3 killer bees (D:4)
  3 jellies
  An orc priest (D:4)
  A sleepcap (D:4)
  Jessica (D:2)
  2 iguanas
  Robin (D:2)
  7 adders
  A shadow imp (D:5)
  A worm (D:2)
  6 orcs
  6 ball pythons
  5 bats
  6 endoplasms
  3 giant cockroaches
  10 goblins
  7 hobgoblins
  3 jackals (D:2)
  8 kobolds
  6 frilled lizards
  5 rats
91 creatures vanquished.

Notes
Turn   | Place    | Note
-------+----------+-------------------------------------------
     0 | D:1      | JimboPoppins the Minotaur Berserker began the quest for the
                  | Orb.
     0 | D:1      | Reached XP level 1. HP: 19/19 MP: 0/0
   142 | D:1      | Reached XP level 2. HP: 27/27 MP: 1/1
   161 | D:1      | Reached skill level 4 in Axes
   501 | D:1      | Reached ** piety under Trog
   779 | D:2      | Reached XP level 3. HP: 33/33 MP: 2/2
  1136 | D:2      | Noticed Jessica
  1141 | D:2      | Killed Jessica
  1142 | D:2      | Reached skill level 5 in Axes
  1392 | D:2      | Noticed Robin
  1399 | D:2      | Reached XP level 4. HP: 39/40 MP: 3/3
  1410 | D:2      | Killed Robin
  1411 | D:2      | Reached skill level 6 in Axes
  2345 | D:3      | Found a faded altar of an unknown god.
  2420 | D:3      | Found a faded altar of an unknown god.
  2420 | D:3      | Found a faded altar of an unknown god.
  2427 | D:3      | Found a basalt altar of Yredelemnul.
  2429 | D:3      | Found a blossoming altar of Fedhas.
  2431 | D:3      | Found a sacrificial altar of Ru.
  2724 | D:3      | You fall into a shaft and drop 1 floor!
  2747 | D:4      | Noticed an ogre
  2752 | D:4      | Killed an ogre
  2753 | D:4      | Reached skill level 7 in Axes
  2753 | D:4      | Reached XP level 5. HP: 46/46 MP: 4/4
  2770 | D:4      | Noticed a black bear
  2780 | D:4      | Killed a black bear
  2781 | D:4      | Reached skill level 8 in Axes
  2781 | D:4      | Reached XP level 6. HP: 35/52 MP: 5/5
  2938 | D:4      | Noticed Blork the orc
  2947 | D:4      | HP: 2/52 [Blork the orc/+0 flail (7)]
  2950 | D:4      | Killed Blork the orc
  3253 | D:4      | Reached skill level 9 in Axes
  3395 | D:4      | Reached XP level 7. HP: 51/58 MP: 6/6
  3396 | D:4      | Reached *** piety under Trog
  3705 | D:4      | Reached skill level 10 in Axes
  4172 | D:5      | Entered Level 5 of the Dungeon
  4239 | D:5      | Killed from afar by a white imp

Illustrated notes

Levels and vault maps discovered:
D:1:      dpeg_arrival_lava_temple_mockup, layout_basic,
          amcnicky_mini_pool_small
D:2:      layout_basic, uniq_robin, uniq_jessica
D:3:      layout_rooms, chequers_temple_overflow_minitemple,
          dreamdust_ecumenical_altar_grove, hangedman_decor_push,
          kennysheep_doodads
D:4:      layout_basic, st_stairs_14, due_unseen_surprise, uniq_blork_the_orc
D:5:      nicolae_BIG_FREAKIN_CUBE, layout_basic, uniq_crazy_yiuf_cottage

Skill      XL: |  1  2  3  4  5  6  7 |
---------------+----------------------+-----
Axes           | 4 5 7 8 9 10 | 10.9
Fighting       | |  3.8
Armour         | |  2.7
Dodging        | |  2.2

Action                     |  1- 3 |  4- 6 |  7- 9 || total
---------------------------+-------+-------+-------++-------
  Melee: Hand axe          |    54 |    92 |     2 ||   148
         Headbutt          |     5 |    15 |     6 ||    26
         Punch             |       |     1 |       ||     1
         War axe           |       |       |    21 ||    21
 Invoke: Berserk           |     2 |     2 |     1 ||     5
         Trog's Hand       |       |     1 |     1 ||     2
    Use: Scroll            |       |       |     1 ||     1
   Stab: Sleeping          |     1 |     1 |       ||     2
 Armour: Animal skin       |    13 |    19 |       ||    32
         Scale mail        |       |     2 |    12 ||    14
  Dodge: Dodged            |    36 |    56 |    30 ||   122
